Map: Lerilak Crest

Players

kakaroto

  • Race: Protoss Protoss
  • League: Platinum

Frozzen - Winner!

  • Race: Zerg Zerg
  • League: Platinum

VOD

Have the link to the VOD?

Description

Time

  • Played on: Nov. 19, 2015, 7:47 p.m.
  • Length: 11:39
Show
View Real Time Build Order
Export as new Build Order

kakaroto Protoss 

Build Orders:  

Get SALT Encoding   

  12  0:03  Probe (Chrono Boost)  
  13  0:15  Pylon  
  13  0:18  Probe (Chrono Boost)  
  14  0:29  Probe (Chrono Boost)  
  14  0:34  Gateway  
  15  0:39  Probe (Chrono Boost)  
  16  0:46  Assimilator  
  16  0:58  Probe (Chrono Boost)  
  16  1:00  Forge  
  17  1:09  Probe (Chrono Boost)  
  18  1:19  Probe (Chrono Boost)  
  18  1:21  Zealot (Chrono Boost)  
  21  1:32  Pylon  
  21  1:49  Zealot (Chrono Boost)  
  21  1:54  Photon Cannon  
  23  1:56  Pylon  
  23  1:58  Gateway  
  23  2:02  Photon Cannon  
  23  2:11  Pylon  
  23  2:30  Photon Cannon  
  23  2:36  Photon Cannon  
  23  2:38  Pylon  
  18  3:31  Cybernetics Core  
  18  3:36  Assimilator  
  18  3:38  Photon Cannon  
  18  3:39  Probe  
  19  3:42  Assimilator  
  19  3:51  Probe  
  20  4:03  Probe  
  21  4:15  Probe  
  22  4:19  Pylon  
  22  4:26  Photon Cannon  
  22  4:28  Probe  
  23  4:40  Mothership Core (Chrono Boost)  
  23  4:44  Gateway  
  23  4:45  Gateway  
  25  4:49  Photon Cannon  
  25  4:54  Nexus  
  25  4:55  Warp Gate (Chrono Boost)  
  24  5:01  Probe (Chrono Boost)  
  25  5:07  Pylon  
  25  5:11  Probe (Chrono Boost)  
  26  5:22  Probe (Chrono Boost)  
  26  5:27  Photon Cannon  
  27  5:32  Probe (Chrono Boost)  
  27  5:35  Gateway  
  28  5:37  Gateway  
  28  5:42  Pylon  
  28  5:53  Assimilator  
  28  6:08  Stargate  
  28  6:10  Probe  
  29  6:19  Stargate  
  29  6:21  Probe  
  29  6:23  Probe  
  31  6:31  Probe  
  31  6:35  Probe  
  33  6:47  Probe  
  33  6:49  Nexus  
  33  6:52  Phoenix (Chrono Boost)  
  36  7:03  Probe  
  37  7:14  Probe  
  39  7:16  Phoenix (Chrono Boost)  
  39  7:19  Phoenix (Chrono Boost)  
  42  7:24  Probe  
  43  7:35  Protoss Air Weapons Level 1 (Chrono Boost)  
  43  7:37  Phoenix (Chrono Boost)  
  43  7:43  Probe  
  47  7:44  Phoenix (Chrono Boost)  
  48  7:54  Probe  
  48  7:55  Assimilator  
  49  8:03  Probe  
  49  8:04  Probe  
  50  8:12  Probe  
  52  8:15  Probe  
  52  8:16  Phoenix  
  55  8:22  Assimilator  
  55  8:24  Probe  
  55  8:25  Probe  
  56  8:33  Phoenix  
  59  8:36  Probe  
  60  8:46  Probe  
  61  8:57  Probe  
  58  9:41  Fleet Beacon  
  58  9:44  Pylon  
  53  9:46  Pylon  
  53  9:49  Pylon  
  53  9:51  Forge  
  46  10:40  Photon Cannon  
  46  10:41  Photon Cannon  
  46  10:42  Photon Cannon  
  54  10:44  Photon Cannon  
  54  10:51  Photon Cannon  
  54  10:52  Zealot x3, Photon Cannon  
  54  10:54  Photon Cannon  
  54  10:55  Pylon  
  60  10:59  Assimilator  
  60  11:01  Zealot  
  42  11:28  Cybernetics Core  
Show
View Real Time Build Order
Export as new Build Order

Frozzen Zerg - Winner!

Build Orders: Hatch First 

Get SALT Encoding   

  12  0:01  Drone  
  13  0:13  Overlord  
  13  0:17  Drone  
  14  0:31  Drone x2  
  16  0:50  Hatchery  
  16  0:53  Drone  
  16  0:57  Drone  
  16  1:00  Drone  
  18  1:15  Spawning Pool  
  18  1:17  Drone  
  18  1:21  Drone  
  19  1:29  Overlord, Extractor  
  18  2:02  Queen x2  
  18  2:03  Zergling x4  
  24  2:12  Zergling x2  
  24  2:13  Zergling x2  
  26  2:27  Zergling x6  
  28  2:38  Spine Crawler  
  25  2:54  Zergling x10  
  24  3:28  Drone x2  
  24  3:29  Drone x7  
  33  3:34  Overlord  
  33  4:00  Drone  
  33  4:01  Drone, Overlord  
  35  4:03  Drone x4  
  39  4:11  Drone  
  39  4:12  Drone  
  41  4:18  Overlord  
  41  4:23  Roach Warren  
  40  4:27  Lair, Spore Crawler  
  39  4:31  Spore Crawler, Drone  
  39  4:32  Drone  
  39  4:34  Drone  
  41  4:46  Drone x4  
  41  4:50  Extractor  
  41  4:52  Drone  
  45  4:53  Drone, Extractor  
  45  4:54  Overlord  
  45  5:08  Roach x6  
  57  5:17  Evolution Chamber  
  57  5:18  Drone  
  57  5:19  Evolution Chamber, Drone x2  
  57  5:25  Overseer  
  57  5:35  Drone  
  58  5:36  Extractor  
  58  5:37  Drone  
  58  5:38  Drone x2  
  58  5:39  Drone x2  
  62  5:44  Hydralisk Den  
  62  5:46  Overlord x2  
  61  6:01  Drone x3  
  61  6:03  Overlord x4  
  64  6:04  Overlord  
  64  6:09  Ravager x2  
  66  6:13  Ravager  
  66  6:17  Hatchery  
  66  6:27  Drone x2  
  66  6:28  Glial Reconstitution  
  68  6:40  Metabolic Boost  
  68  6:57  Muscular Augments  
  68  7:06  Zerg Missile Weapons Level 1  
  68  7:09  Drone x9  
  68  7:10  Drone x4  
  68  7:15  Hatchery  
  80  7:20  Drone  
  80  7:21  Drone x3  
  84  7:31  Extractor  
  84  7:33  Extractor  
  82  7:39  Spore Crawler  
  82  7:42  Spine Crawler, Hydralisk  
  82  7:43  Spine Crawler, Hydralisk x5  
  91  7:48  Zerg Ground Armor Level 1  
  91  7:50  Drone x2  
  93  7:52  Queen  
  95  7:58  Drone  
  95  7:59  Drone x4  
  100  8:07  Drone  
  101  8:14  Drone x5  
  101  8:17  Hydralisk x3  
  101  8:18  Hydralisk  
  114  8:23  Roach x2  
  118  8:36  Lurker Den  
  118  8:37  Hydralisk  
  118  8:38  Hydralisk x2, Infestation Pit  
  123  8:46  Hydralisk x4  
  131  8:56  Spine Crawler x2  
  131  8:57  Spine Crawler  
  128  9:09  Spore Crawler  
  127  9:10  Spore Crawler, Drone  
  127  9:11  Drone, Spore Crawler  
  127  9:14  Spore Crawler  
  123  9:18  Hydralisk  
  123  9:19  Hydralisk x2  
  123  9:21  Overlord x4  
  126  9:45  Hydralisk  
  126  9:46  Hydralisk x9  
  146  9:57  Pathogen Glands  
  146  10:01  Hatchery  
  144  10:16  Overlord  
  144  10:17  Overlord x3  
  142  10:22  Overlord x3  
  142  10:35  Queen  
  144  10:38  Roach  
  144  10:39  Roach x2  
  144  10:41  Overlord x3  
Tags
 
Add a new tag
Caveats
  • Supply blocks, unpowered buildings, or Contaminate may cause inaccurate times.
  • Supply counts are checked every 10 seconds.